Login

Aces vs Fletushkas

Created - April 14, 2024 at 12:47

Goals
1 2 3 T
Aces 2 1 1 4
Fletushkas 0 1 0 1
Shots
1 2 3 T
Aces 12 8 11 31
Fletushkas 8 10 4 22

GoalsPenalties
1st period
1. Aces , Charlie Coyle 16 (Lee Mack 42, Ryan McDonagh 19) at 2:38 (PP)
2. Aces , Nathan MacKinnon 14 (Lee Mack 43) at 16:29
Noel Acciari (FLE) for Roughing (Minor) at 1:34
Braden Schneider (FLE) for Hooking (Minor) at 3:53
Braden Schneider (FLE) for Holding (Minor) at 9:00
Charlie Coyle (MAL) for High sticking (Minor) at 17:47
2nd period
3. Fletushkas , K'Andre Miller 9 (Brent Burns 16, Harry Polsmokr 41) at 14:57 (PP)
4. Aces , Nick Leddy 2 (Jordan Kyrou 19, Dante Fabbro 11) at 15:51
Brent Burns (FLE) for High sticking (Minor) at 7:22
Mikael Backlund (MAL) for Tripping (Minor) at 13:51
3rd period
5. Aces , Erik Cernak 7 (Charlie Coyle 24, Lee Mack 44) at 13:36 (PP)
Noel Acciari (FLE) for Interference (Minor) at 0:42
Brett Pesce (FLE) for Tripping (Minor) at 10:10
Patrick Kane (FLE) for Goalie Interference (Minor) at 13:02
Goalie Stats
Carter Hart (MAL), 21 saves from 22 shots - (0.955), W, 23-33-5, 60:00 minutes
Sergei Bobrovsky (FLE), 27 saves from 31 shots - (0.871), L, 21-20-7, 60:00 minutes
3 StarsOfficial
1 - Lee Mack (MAL)
2 - Charlie Coyle (MAL)
3 - Erik Cernak (MAL)
Referees : Unknown
Linesman : Unknown
Game Note
No Game Note
Finance
Level 1 -- Attendance: 4661 (77.68%) -- Ticket Income $466,100
Level 2 -- Attendance: 3665 (73.30%) -- Ticket Income $219,900
Level 3 -- Attendance: 1494 (74.70%) -- Ticket Income $52,290
Level 4 -- Attendance: 2802 (70.05%) -- Ticket Income $70,050
Luxury Box -- Attendance: 956 (95.60%) -- Ticket Income $191,200
Game was played at the Arena Kombetare.
Total Attendance: 13578 (75.43%)
Total Ticket Income: $999,540
Other Income: $399,816
Total Income: $1,399,356



Team Name Goals Shots Shots Attemp Shots Blocked PIM HIT PP PK FO%
Aces 43164114212 / 7 (29%)133%
Fletushkas 122461214151 / 2 (50%)267%

Aces
Player Name POS G A P +/- PIM HIT SHT SB MP PP MP PP SHT PK MP PK SHT FO% FOT
Anthony BeauvillierLW000100006:550:0000:000100% 1
Arthur KaliyevLW/RW0000020013:090:0000:00012% 17
Carter VerhaegheC/LW/RW0001021019:026:0300:29050% 26
Charlie CoyleC/RW1121243018:326:0320:00050% 2
Clayton KellerLW/RW0000013121:056:0031:56017% 6
Dante FabbroD0111021015:330:1000:1500% 0
Erik CernakD1011023423:485:2332:2400% 0
Jack HughesC/LW0000014020:135:3021:3400% 0
Jordan KyrouLW/RW0111005020:567:2431:02050% 8
Lee MackD0331004525:567:5142:0400% 0
Mikael BacklundC/RW0000200012:470:0000:0000% 0
Nathan MacKinnonC101100106:550:0000:0000% 0
Nick LeddyD1011012017:433:3210:0100% 0
Robby FabbriC/LW0000021016:563:3900:29026% 19
Ross ColtonC/LW000102006:550:0000:00025% 4
Ryan McDonaghD0110011121:496:1001:2600% 0
Thomas ChabotD0000012015:110:0000:0000% 0
Victor OlofssonLW/RW0000000013:280:0000:4000% 1
Fletushkas
Player Name POS G A P +/- PIM HIT SHT SB MP PP MP PP SHT PK MP PK SHT FO% FOT
Adam PelechD0000001419:410:0006:0300% 0
Auston MatthewsC0000004117:141:0900:00071% 17
Braden SchneiderD000041007:450:0003:2200% 0
Brent BurnsD0110212016:031:0920:0000% 0
Brett PesceD0000210017:101:5600:2000% 0
Brock NelsonC0000021016:171:5600:22077% 13
Harry PolsmokrC/RW0110012020:001:0900:00067% 9
Joel FarabeeLW/RW000001015:290:0001:4500% 0
Jordan StaalC000-2012119:520:0007:20078% 32
K'Andre MillerD1010031324:161:0915:3000% 0
Kevin ShattenkirkD000000001:480:0001:4800% 0
Mattias SamuelssonD000-2010118:400:0006:0300% 0
Noel AcciariC/LW/RW000-2422017:460:0005:1600% 1
Owen TippettLW/RW0000001016:171:1010:000100% 2
Patrick KaneRW0000201015:541:5610:0000% 1
Tyler BertuzziLW/RW000-2002017:500:4604:32025% 4
Valeri NichushkinLW/RW0000013021:451:0903:5100% 5
Zachary WerenskiD000-2000114:331:5600:0000% 0

Aces

5 vs 5 Forward
Line #Left WingCenterRight WingPHYDFOFWanted %Time %Time Play
1Jack HughesArthur KaliyevClayton Keller1223029%13:09
2Jordan KyrouCarter VerhaegheCharlie Coyle1222828%12:30
3Victor OlofssonRobby FabbriMikael Backlund1222628%12:48
4Anthony BeauvillierRoss ColtonNathan MacKinnon1221615%6:55
5 vs 5 Defense
Line #DefenseDefensePHYDFOFWanted %Time %Time Play
1Lee MackErik Cernak1223026%11:47
2Ryan McDonaghThomas Chabot1222833%15:11
3Nick LeddyDante Fabbro1222631%14:10
4Lee MackErik Cernak122169%4:14
Power Play Forward
Line #Left WingCenterRight WingPHYDFOFWanted %Time %Time Play
1Jack HughesJordan KyrouClayton Keller1225548%5:30
2Jordan KyrouCarter VerhaegheCharlie Coyle1224552%6:03
Power Play Defense
Line #DefenseDefensePHYDFOFWanted %Time %Time Play
1Lee MackErik Cernak1225547%5:23
2Ryan McDonaghLee Mack1224553%6:10
Penalty Kill 4 Players Forward
Line #CenterWingPHYDFOFWanted %Time %Time Play
1Clayton KellerJack Hughes1225566%2:03
2Clayton KellerJordan Kyrou1224534%1:02
Penalty Kill 4 Players Defense
Line #DefenseDefensePHYDFOFWanted %Time %Time Play
1Lee MackErik Cernak1225554%1:39
2Ryan McDonaghErik Cernak1224546%1:26
Penalty Kill 3 Players
Line #WingPHYDFOFWanted %Time %Time PlayDefenseDefensePHYDFOFWanted %Time %Time Play
1Jack Hughes122550%0:00 Lee MackErik Cernak122550%0:00
2Jack Hughes122450%0:00 Ryan McDonaghErik Cernak122450%0:00
4 vs 4 Forward
Line #CenterWingPHYDFOFWanted %Time %Time Play
1Clayton KellerJack Hughes122550%0:00
2Clayton KellerJordan Kyrou122450%0:00
4 vs 4 Defense
Line #DefensePHYDFOFWanted %Time %Time Play
1Lee MackErik Cernak122550%0:00
2Ryan McDonaghLee Mack122450%0:00
Last Minutes Offensive
Left WingCenterRight WingDefenseDefense
Jack HughesArthur KaliyevClayton KellerLee MackErik Cernak
Last Minutes Defensive
Left WingCenterRight WingDefenseDefense
Jack HughesArthur KaliyevClayton KellerLee MackErik Cernak
Time
Total ForwardTotal DefenseLast Minutes OffensiveLast Minutes Defensive
60:00 60:00 0:000:00
Extra Forwards
Normal PowerPlayPenalty Kill
Jack Hughes, Robby Fabbri, Victor OlofssonClayton Keller, Robby FabbriVictor Olofsson
Extra Defensemen
Normal PowerPlayPenalty Kill
Nick Leddy, Dante Fabbro, Ryan McDonaghNick Leddy, Dante FabbroRyan McDonagh
Penalty Shots
Robby Fabbri, Jack Hughes, Clayton Keller, Jordan Kyrou, Carter Verhaeghe
Goalie
Carter Hart, Philipp Grubauer
Custom OT Lines Forwards
Arthur Kaliyev, Jack Hughes, Clayton Keller, Jordan Kyrou, Carter Verhaeghe, Charlie Coyle, Robby Fabbri, Victor Olofsson, Mikael Backlund, Anthony Beauvillier
Custom OT Lines Defensemen
Lee Mack, Erik Cernak, Ryan McDonagh, Dante Fabbro, Nick Leddy
Scratches
Paul Stastny (Healthy), Chris Driedger (Healthy)

Fletushkas

5 vs 5 Forward
Line #Left WingCenterRight WingPHYDFOFWanted %Time %Time Play
1Owen TippettAuston MatthewsHarry Polsmokr1223133%15:07
2Valeri NichushkinBrock NelsonPatrick Kane1223031%13:59
3Tyler BertuzziJordan StaalNoel Acciari1222628%12:32
4Joel FarabeeHarry PolsmokrValeri Nichushkin122138%3:44
5 vs 5 Defense
Line #DefenseDefensePHYDFOFWanted %Time %Time Play
1K'Andre MillerAdam Pelech1223130%13:38
2Brent BurnsBrett Pesce1222833%14:55
3Mattias SamuelssonZachary Werenski1222628%12:37
4Braden SchneiderK'Andre Miller122159%4:12
Power Play Forward
Line #Left WingCenterRight WingPHYDFOFWanted %Time %Time Play
1Valeri NichushkinAuston MatthewsHarry Polsmokr1135537%1:09
2Owen TippettBrock NelsonPatrick Kane1134563%1:56
Power Play Defense
Line #DefenseDefensePHYDFOFWanted %Time %Time Play
1Brent BurnsK'Andre Miller1135537%1:09
2Brett PesceZachary Werenski1134563%1:56
Penalty Kill 4 Players Forward
Line #CenterWingPHYDFOFWanted %Time %Time Play
1Jordan StaalNoel Acciari1315567%7:42
2Valeri NichushkinTyler Bertuzzi1314533%3:51
Penalty Kill 4 Players Defense
Line #DefenseDefensePHYDFOFWanted %Time %Time Play
1Adam PelechMattias Samuelsson1315552%6:03
2Braden SchneiderK'Andre Miller1314548%5:30
Penalty Kill 3 Players
Line #WingPHYDFOFWanted %Time %Time PlayDefenseDefensePHYDFOFWanted %Time %Time Play
1Jordan Staal131550%0:00 Adam PelechMattias Samuelsson131550%0:00
2Noel Acciari131450%0:00 Braden SchneiderK'Andre Miller131450%0:00
4 vs 4 Forward
Line #CenterWingPHYDFOFWanted %Time %Time Play
1Auston MatthewsValeri Nichushkin122550%0:00
2Brock NelsonHarry Polsmokr122450%0:00
4 vs 4 Defense
Line #DefensePHYDFOFWanted %Time %Time Play
1Brent BurnsBrett Pesce122550%0:00
2K'Andre MillerZachary Werenski122450%0:00
Last Minutes Offensive
Left WingCenterRight WingDefenseDefense
Valeri NichushkinAuston MatthewsHarry PolsmokrBrent BurnsK'Andre Miller
Last Minutes Defensive
Left WingCenterRight WingDefenseDefense
Noel AcciariJordan StaalTyler BertuzziMattias SamuelssonAdam Pelech
Time
Total ForwardTotal DefenseLast Minutes OffensiveLast Minutes Defensive
60:00 60:00 0:000:00
Extra Forwards
Normal PowerPlayPenalty Kill
Joel Farabee, Noel Acciari, Auston MatthewsTyler Bertuzzi, Joel FarabeeTyler Bertuzzi
Extra Defensemen
Normal PowerPlayPenalty Kill
Braden Schneider, Zachary Werenski, Kevin ShattenkirkKevin Shattenkirk, Braden SchneiderKevin Shattenkirk
Penalty Shots
Valeri Nichushkin, K'Andre Miller, Auston Matthews, Brett Pesce, Patrick Kane
Goalie
Sergei Bobrovsky, John Gibson
Custom OT Lines Forwards
Auston Matthews, Harry Polsmokr, Valeri Nichushkin, Brock Nelson, Owen Tippett, Patrick Kane, Noel Acciari, Tyler Bertuzzi, Joel Farabee, Jordan Staal
Custom OT Lines Defensemen
Brent Burns, K'Andre Miller, Zachary Werenski, Brett Pesce, Braden Schneider
Scratches
Nino Niederreiter (Healthy), Cam York (Healthy), Mackenzie Blackwood (Healthy)


Play-by-Play

1st period


0:01 of 1st period - Auston Matthews wins face-off versus Arthur Kaliyev in neutral zone.
0:38 of 1st period - Shot by Harry Polsmokr.
0:38 of 1st period - Shot Blocked by Lee Mack.
0:59 of 1st period - Shot by Brent Burns.
0:59 of 1st period - Shot Blocked by Lee Mack.
1:02 of 1st period - Icing by Lee Mack.
1:03 of 1st period - Jordan Staal wins face-off versus Clayton Keller in Aces zone.
1:34 of 1st period - Minor Penalty to Noel Acciari for Roughing.
1:35 of 1st period - Jordan Staal wins face-off versus Carter Verhaeghe in Fletushkas zone.
1:35 of 1st period - Jordan Staal is hit by Carter Verhaeghe.
1:51 of 1st period - Shot by Nick Leddy.
1:51 of 1st period - Shot Blocked by K'Andre Miller.
2:05 of 1st period - Shot by Jordan Kyrou.
2:05 of 1st period - Shot Blocked by Joel Farabee.
2:07 of 1st period - Shot by Ryan McDonagh.
2:07 of 1st period - Shot Misses the Net.
2:09 of 1st period - Shot by Charlie Coyle.
2:09 of 1st period - Stopped by Sergei Bobrovsky with a rebound.
2:11 of 1st period - Shot by Ryan McDonagh.
2:11 of 1st period - Shot Misses the Net.
2:13 of 1st period - Shot by Nick Leddy.
2:13 of 1st period - Stopped by Sergei Bobrovsky without a rebound.
2:14 of 1st period - Charlie Coyle wins face-off versus Valeri Nichushkin in Fletushkas zone.
2:36 of 1st period - Shot by Lee Mack.
2:36 of 1st period - Shot Blocked by Mattias Samuelsson.
2:38 of 1st period - Shot by Charlie Coyle.
2:38 of 1st period - Goal by Charlie Coyle - Aces : 1 - Fletushkas : 0.
2:39 of 1st period - Auston Matthews wins face-off versus Robby Fabbri in neutral zone.
2:47 of 1st period - Icing by Nick Leddy.
2:48 of 1st period - Brock Nelson wins face-off versus Robby Fabbri in Aces zone.
3:17 of 1st period - Dante Fabbro is hit by Valeri Nichushkin and loses puck.
3:53 of 1st period - Minor Penalty to Braden Schneider for Hooking.
3:54 of 1st period - Jordan Kyrou wins face-off versus Noel Acciari in Fletushkas zone.
3:59 of 1st period - Shot by Jack Hughes.
3:59 of 1st period - Shot Misses the Net.
4:01 of 1st period - Shot by Erik Cernak.
4:01 of 1st period - Stopped by Sergei Bobrovsky without a rebound.
4:02 of 1st period - Jordan Staal wins face-off versus Clayton Keller in Fletushkas zone.
4:13 of 1st period - Shot by Jordan Kyrou.
4:13 of 1st period - Shot Misses the Net.
4:15 of 1st period - Shot by Lee Mack.
4:15 of 1st period - Shot Blocked by Jordan Staal.
4:25 of 1st period - Shot by Clayton Keller.
4:25 of 1st period - Deflect By Jordan Kyrou.
4:25 of 1st period - Stopped by Sergei Bobrovsky with a rebound.
4:27 of 1st period - Shot by Lee Mack.
4:27 of 1st period - Stopped by Sergei Bobrovsky with a rebound.
5:38 of 1st period - Shot by Jordan Kyrou.
5:38 of 1st period - Stopped by Sergei Bobrovsky without a rebound.
5:39 of 1st period - Jordan Staal wins face-off versus Carter Verhaeghe in Fletushkas zone.
5:54 of 1st period - Owen Tippett is hit by Ross Colton and loses puck.
6:05 of 1st period - Shot by Auston Matthews.
6:05 of 1st period - Stopped by Carter Hart with a rebound.
6:14 of 1st period - Shot by Auston Matthews.
6:14 of 1st period - Shot Misses the Net.
6:16 of 1st period - Shot by Auston Matthews.
6:16 of 1st period - Shot Misses the Net.
6:18 of 1st period - Shot by Brent Burns.
6:18 of 1st period - Shot Misses the Net.
6:20 of 1st period - Shot by Auston Matthews.
6:20 of 1st period - Stopped by Carter Hart without a rebound.
6:21 of 1st period - Brock Nelson wins face-off versus Robby Fabbri in Aces zone.
7:03 of 1st period - Off-side.
7:04 of 1st period - Carter Verhaeghe wins face-off versus Jordan Staal in neutral zone.
7:07 of 1st period - Jordan Staal is hit by Charlie Coyle.
7:23 of 1st period - Off-side.
7:24 of 1st period - Auston Matthews wins face-off versus Arthur Kaliyev in neutral zone.
7:32 of 1st period - Icing by Dante Fabbro.
7:33 of 1st period - Tyler Bertuzzi wins face-off versus Arthur Kaliyev in Aces zone.
7:47 of 1st period - Shot by Adam Pelech.
7:47 of 1st period - Stopped by Carter Hart without a rebound.
7:48 of 1st period - Carter Verhaeghe wins face-off versus Harry Polsmokr in Aces zone.
7:55 of 1st period - Icing by Valeri Nichushkin.
7:56 of 1st period - Harry Polsmokr wins face-off versus Carter Verhaeghe in Fletushkas zone.
8:02 of 1st period - Icing by Zachary Werenski.
8:03 of 1st period - Harry Polsmokr wins face-off versus Carter Verhaeghe in Fletushkas zone.
8:19 of 1st period - Shot by Charlie Coyle.
8:19 of 1st period - Stopped by Sergei Bobrovsky without a rebound.
8:20 of 1st period - Jordan Staal wins face-off versus Arthur Kaliyev in Fletushkas zone.
8:33 of 1st period - Shot by Clayton Keller.
8:33 of 1st period - Shot Misses the Net.
8:44 of 1st period - Off-side.
8:45 of 1st period - Carter Verhaeghe wins face-off versus Auston Matthews in neutral zone.
8:47 of 1st period - Off-side.
8:48 of 1st period - Auston Matthews wins face-off versus Carter Verhaeghe in neutral zone.
8:53 of 1st period - Icing by Charlie Coyle.
8:54 of 1st period - Carter Verhaeghe wins face-off versus Auston Matthews in Aces zone.
9:00 of 1st period - Minor Penalty to Braden Schneider for Holding.
9:01 of 1st period - Jordan Staal wins face-off versus Jordan Kyrou in Fletushkas zone.
9:14 of 1st period - Shot by Lee Mack.
9:14 of 1st period - Shot Blocked by K'Andre Miller.
9:16 of 1st period - Shot by Lee Mack.
9:16 of 1st period - Stopped by Sergei Bobrovsky without a rebound.
9:17 of 1st period - Jordan Staal wins face-off versus Carter Verhaeghe in Fletushkas zone.
9:26 of 1st period - Shot by Lee Mack.
9:26 of 1st period - Shot Misses the Net.
9:28 of 1st period - Shot by Jordan Kyrou.
9:28 of 1st period - Stopped by Sergei Bobrovsky with a rebound.
9:47 of 1st period - Shot by Jordan Kyrou.
9:47 of 1st period - Shot Misses the Net.
9:53 of 1st period - Shot by Carter Verhaeghe.
9:53 of 1st period - Shot Misses the Net.
10:27 of 1st period - Shot by Jack Hughes.
10:27 of 1st period - Shot Blocked by Adam Pelech.
10:29 of 1st period - Shot by Erik Cernak.
10:29 of 1st period - Shot Blocked by Adam Pelech.
10:31 of 1st period - Shot by Nick Leddy.
10:31 of 1st period - Shot Misses the Net.
10:33 of 1st period - Shot by Nick Leddy.
10:33 of 1st period - Shot Blocked by Adam Pelech.
10:50 of 1st period - Clayton Keller is hit by K'Andre Miller and loses puck.
12:05 of 1st period - Shot by Brock Nelson.
12:05 of 1st period - Shot Misses the Net.
12:25 of 1st period - Shot by Valeri Nichushkin.
12:25 of 1st period - Deflect By Brock Nelson.
12:25 of 1st period - Stopped by Carter Hart without a rebound.
12:26 of 1st period - Jordan Staal wins face-off versus Carter Verhaeghe in Aces zone.
12:39 of 1st period - Shot by Tyler Bertuzzi.
12:39 of 1st period - Stopped by Carter Hart with a rebound.
12:41 of 1st period - Shot by Noel Acciari.
12:41 of 1st period - Shot Misses the Net.
12:43 of 1st period - Shot by Noel Acciari.
12:43 of 1st period - Stopped by Carter Hart without a rebound.
12:44 of 1st period - Brock Nelson wins face-off versus Arthur Kaliyev in Aces zone.
13:59 of 1st period - Shot by Noel Acciari.
13:59 of 1st period - Shot Blocked by Erik Cernak.
14:07 of 1st period - Zachary Werenski is hit by Arthur Kaliyev and loses puck.
14:40 of 1st period - Off-side.
14:41 of 1st period - Harry Polsmokr wins face-off versus Victor Olofsson in neutral zone.
14:44 of 1st period - Dante Fabbro is hit by Joel Farabee and loses puck.
15:47 of 1st period - Patrick Kane is hit by Thomas Chabot and loses puck.
16:13 of 1st period - Thomas Chabot is hit by Brent Burns.
16:21 of 1st period - Shot by Jordan Kyrou.
16:21 of 1st period - Stopped by Sergei Bobrovsky without a rebound.
16:22 of 1st period - Jordan Staal wins face-off versus Ross Colton in Fletushkas zone.
16:29 of 1st period - Shot by Nathan MacKinnon.
16:29 of 1st period - Goal by Nathan MacKinnon - Aces : 2 - Fletushkas : 0.
16:30 of 1st period - Jordan Staal wins face-off versus Ross Colton in neutral zone.
16:45 of 1st period - Icing by Mattias Samuelsson.
16:46 of 1st period - Carter Verhaeghe wins face-off versus Jordan Staal in Fletushkas zone.
16:55 of 1st period - Shot by Jordan Staal.
16:55 of 1st period - Stopped by Carter Hart without a rebound.
16:56 of 1st period - Auston Matthews wins face-off versus Arthur Kaliyev in Aces zone.
17:47 of 1st period - Minor Penalty to Charlie Coyle for High sticking.
17:48 of 1st period - Clayton Keller wins face-off versus Brock Nelson in Aces zone.
18:01 of 1st period - Shot by Brock Nelson.
18:01 of 1st period - Deflect By Patrick Kane.
18:01 of 1st period - Stopped by Carter Hart with a rebound.
18:03 of 1st period - Shot by Brett Pesce.
18:03 of 1st period - Shot Misses the Net.
18:21 of 1st period - Shot by Zachary Werenski.
18:21 of 1st period - Shot Blocked by Clayton Keller.
18:23 of 1st period - Shot by Brock Nelson.
18:23 of 1st period - Shot Hit the Post.
18:25 of 1st period - Shot by Tyler Bertuzzi.
18:25 of 1st period - Shot Blocked by Lee Mack.
18:27 of 1st period - Shot by Brock Nelson.
18:27 of 1st period - Shot Blocked by Erik Cernak.
18:29 of 1st period - Shot by Brock Nelson.
18:29 of 1st period - Deflect By Tyler Bertuzzi.
18:29 of 1st period - Shot Blocked by Lee Mack.
19:37 of 1st period - Shot by Owen Tippett.
19:37 of 1st period - Shot Blocked by Ryan McDonagh.
Goals for this period are 2 for Aces vs 0 for Fletushkas.
Shots for this period are 12 for Aces vs 8 for Fletushkas.

2nd period


0:01 of 2nd period - Owen Tippett wins face-off versus Jordan Kyrou in neutral zone.
0:11 of 2nd period - Icing by Lee Mack.
0:12 of 2nd period - Brock Nelson wins face-off versus Carter Verhaeghe in Aces zone.
1:02 of 2nd period - Icing by Patrick Kane.
1:03 of 2nd period - Brock Nelson wins face-off versus Robby Fabbri in Fletushkas zone.
2:20 of 2nd period - Shot by Noel Acciari.
2:20 of 2nd period - Stopped by Carter Hart without a rebound.
2:21 of 2nd period - Arthur Kaliyev wins face-off versus Valeri Nichushkin in Aces zone.
3:37 of 2nd period - Shot by Jordan Kyrou.
3:37 of 2nd period - Stopped by Sergei Bobrovsky without a rebound.
3:38 of 2nd period - Auston Matthews wins face-off versus Ross Colton in Fletushkas zone.
4:06 of 2nd period - Shot by Auston Matthews.
4:06 of 2nd period - Stopped by Carter Hart without a rebound.
4:07 of 2nd period - Carter Verhaeghe wins face-off versus Jordan Staal in Aces zone.
4:50 of 2nd period - Off-side.
4:51 of 2nd period - Owen Tippett wins face-off versus Arthur Kaliyev in neutral zone.
5:01 of 2nd period - Shot by Auston Matthews.
5:01 of 2nd period - Shot Blocked by Lee Mack.
5:04 of 2nd period - Harry Polsmokr is hit by Erik Cernak and loses puck.
5:13 of 2nd period - Shot by Auston Matthews.
5:13 of 2nd period - Shot Blocked by Erik Cernak.
5:24 of 2nd period - Owen Tippett is hit by Erik Cernak and loses puck.
5:40 of 2nd period - Icing by Zachary Werenski.
5:41 of 2nd period - Robby Fabbri wins face-off versus Auston Matthews in Fletushkas zone.
5:53 of 2nd period - Zachary Werenski is hit by Ryan McDonagh and loses puck.
6:08 of 2nd period - Shot by Mikael Backlund.
6:08 of 2nd period - Shot Misses the Net.
6:10 of 2nd period - Shot by Mikael Backlund.
6:10 of 2nd period - Shot Misses the Net.
7:22 of 2nd period - Minor Penalty to Brent Burns for High sticking.
7:23 of 2nd period - Robby Fabbri wins face-off versus Jordan Staal in Fletushkas zone.
7:42 of 2nd period - Adam Pelech is hit by Robby Fabbri and loses puck.
7:51 of 2nd period - Shot by Erik Cernak.
7:51 of 2nd period - Stopped by Sergei Bobrovsky without a rebound.
7:52 of 2nd period - Jordan Staal wins face-off versus Jordan Kyrou in Fletushkas zone.
8:10 of 2nd period - Shot by Clayton Keller.
8:10 of 2nd period - Stopped by Sergei Bobrovsky without a rebound.
8:11 of 2nd period - Carter Verhaeghe wins face-off versus Valeri Nichushkin in Fletushkas zone.
8:28 of 2nd period - Shot by Lee Mack.
8:28 of 2nd period - Shot Misses the Net.
9:04 of 2nd period - Shot by Clayton Keller.
9:04 of 2nd period - Stopped by Sergei Bobrovsky without a rebound.
9:05 of 2nd period - Jordan Staal wins face-off versus Robby Fabbri in Fletushkas zone.
9:13 of 2nd period - Icing by Jack Hughes.
9:14 of 2nd period - Jordan Staal wins face-off versus Robby Fabbri in Aces zone.
9:25 of 2nd period - Shot by Harry Polsmokr.
9:25 of 2nd period - Shot Misses the Net.
9:29 of 2nd period - Shot by Harry Polsmokr.
9:29 of 2nd period - Stopped by Carter Hart with a rebound.
9:31 of 2nd period - Shot by Harry Polsmokr.
9:31 of 2nd period - Shot Misses the Net.
9:42 of 2nd period - Icing by Anthony Beauvillier.
9:43 of 2nd period - Anthony Beauvillier wins face-off versus Brock Nelson in Aces zone.
9:50 of 2nd period - Valeri Nichushkin is hit by Ross Colton and loses puck.
10:18 of 2nd period - Icing by Adam Pelech.
10:19 of 2nd period - Brock Nelson wins face-off versus Arthur Kaliyev in Fletushkas zone.
11:13 of 2nd period - Shot by Carter Verhaeghe.
11:13 of 2nd period - Stopped by Sergei Bobrovsky without a rebound.
11:14 of 2nd period - Jordan Staal wins face-off versus Robby Fabbri in Fletushkas zone.
11:26 of 2nd period - Icing by Ryan McDonagh.
11:27 of 2nd period - Harry Polsmokr wins face-off versus Robby Fabbri in Aces zone.
11:44 of 2nd period - Shot by Auston Matthews.
11:44 of 2nd period - Deflect By Harry Polsmokr.
11:44 of 2nd period - Shot Misses the Net.
11:52 of 2nd period - Shot by Auston Matthews.
11:52 of 2nd period - Stopped by Carter Hart without a rebound.
11:53 of 2nd period - Jordan Staal wins face-off versus Carter Verhaeghe in Aces zone.
12:34 of 2nd period - Icing by Noel Acciari.
12:35 of 2nd period - Jordan Staal wins face-off versus Arthur Kaliyev in Fletushkas zone.
12:50 of 2nd period - Brett Pesce is hit by Clayton Keller and loses puck.
13:01 of 2nd period - Shot by Thomas Chabot.
13:01 of 2nd period - Stopped by Sergei Bobrovsky without a rebound.
13:02 of 2nd period - Robby Fabbri wins face-off versus Harry Polsmokr in Fletushkas zone.
13:30 of 2nd period - Shot by Valeri Nichushkin.
13:30 of 2nd period - Stopped by Carter Hart with a rebound.
13:51 of 2nd period - Minor Penalty to Mikael Backlund for Tripping.
13:52 of 2nd period - Brock Nelson wins face-off versus Clayton Keller in Aces zone.
14:05 of 2nd period - Shot by Brett Pesce.
14:05 of 2nd period - Shot Misses the Net.
14:27 of 2nd period - Shot by Owen Tippett.
14:27 of 2nd period - Stopped by Carter Hart without a rebound.
14:28 of 2nd period - Auston Matthews wins face-off versus Clayton Keller in Aces zone.
14:47 of 2nd period - Shot by Brent Burns.
14:47 of 2nd period - Stopped by Carter Hart with a rebound.
14:49 of 2nd period - Shot by Brent Burns.
14:49 of 2nd period - Stopped by Carter Hart with a rebound.
14:53 of 2nd period - Shot by Harry Polsmokr.
14:53 of 2nd period - Shot Blocked by Erik Cernak.
14:55 of 2nd period - Shot by Brent Burns.
14:55 of 2nd period - Shot Misses the Net.
14:57 of 2nd period - Shot by K'Andre Miller.
14:57 of 2nd period - Goal by K'Andre Miller - Aces : 2 - Fletushkas : 1.
14:58 of 2nd period - Ross Colton wins face-off versus Jordan Staal in neutral zone.
15:28 of 2nd period - Anthony Beauvillier is hit by Mattias Samuelsson.
15:49 of 2nd period - Shot by Jordan Kyrou.
15:49 of 2nd period - Shot Misses the Net.
15:51 of 2nd period - Shot by Nick Leddy.
15:51 of 2nd period - Goal by Nick Leddy - Aces : 3 - Fletushkas : 1.
15:52 of 2nd period - Auston Matthews wins face-off versus Robby Fabbri in neutral zone.
16:38 of 2nd period - Icing by Adam Pelech.
16:39 of 2nd period - Auston Matthews wins face-off versus Arthur Kaliyev in Fletushkas zone.
17:01 of 2nd period - Icing by Adam Pelech.
17:02 of 2nd period - Auston Matthews wins face-off versus Carter Verhaeghe in Fletushkas zone.
17:02 of 2nd period - Auston Matthews is hit by Charlie Coyle.
17:16 of 2nd period - Brock Nelson is hit by Carter Verhaeghe and loses puck.
17:31 of 2nd period - Patrick Kane is hit by Charlie Coyle and loses puck.
18:01 of 2nd period - Icing by Ryan McDonagh.
18:02 of 2nd period - Jordan Staal wins face-off versus Carter Verhaeghe in Aces zone.
18:14 of 2nd period - Off-side.
18:15 of 2nd period - Jordan Staal wins face-off versus Arthur Kaliyev in neutral zone.
18:24 of 2nd period - Shot by Tyler Bertuzzi.
18:24 of 2nd period - Stopped by Carter Hart without a rebound.
18:25 of 2nd period - Auston Matthews wins face-off versus Robby Fabbri in Aces zone.
19:01 of 2nd period - Mikael Backlund is hit by Harry Polsmokr.
19:30 of 2nd period - Shot by Jack Hughes.
19:30 of 2nd period - Stopped by Sergei Bobrovsky with a rebound.
Goals for this period are 1 for Aces vs 1 for Fletushkas.
Shots for this period are 8 for Aces vs 10 for Fletushkas.

3rd period


0:01 of 3rd period - Harry Polsmokr wins face-off versus Arthur Kaliyev in neutral zone.
0:25 of 3rd period - Icing by Lee Mack.
0:26 of 3rd period - Jordan Staal wins face-off versus Arthur Kaliyev in Aces zone.
0:42 of 3rd period - Minor Penalty to Noel Acciari for Interference.
0:43 of 3rd period - Jordan Staal wins face-off versus Charlie Coyle in Fletushkas zone.
0:59 of 3rd period - Shot by Lee Mack.
0:59 of 3rd period - Stopped by Sergei Bobrovsky with a rebound.
1:01 of 3rd period - Shot by Lee Mack.
1:01 of 3rd period - Shot Misses the Net.
1:19 of 3rd period - Shot by Lee Mack.
1:19 of 3rd period - Stopped by Sergei Bobrovsky without a rebound.
1:20 of 3rd period - Jordan Kyrou wins face-off versus Tyler Bertuzzi in Fletushkas zone.
3:25 of 3rd period - Shot by Harry Polsmokr.
3:25 of 3rd period - Stopped by Carter Hart with a rebound.
3:48 of 3rd period - Clayton Keller is hit by Braden Schneider and loses puck.
4:01 of 3rd period - Shot by Valeri Nichushkin.
4:01 of 3rd period - Stopped by Carter Hart without a rebound.
4:02 of 3rd period - Robby Fabbri wins face-off versus Tyler Bertuzzi in Aces zone.
5:10 of 3rd period - Icing by Lee Mack.
5:11 of 3rd period - Carter Verhaeghe wins face-off versus Brock Nelson in Aces zone.
5:31 of 3rd period - Icing by Brett Pesce.
5:32 of 3rd period - Brock Nelson wins face-off versus Arthur Kaliyev in Fletushkas zone.
5:45 of 3rd period - Shot by Patrick Kane.
5:45 of 3rd period - Shot Misses the Net.
6:03 of 3rd period - Jack Hughes is hit by Brock Nelson.
6:15 of 3rd period - Valeri Nichushkin is hit by Jack Hughes and loses puck.
7:08 of 3rd period - Icing by Adam Pelech.
7:09 of 3rd period - Carter Verhaeghe wins face-off versus Auston Matthews in Fletushkas zone.
7:19 of 3rd period - Jordan Kyrou is hit by K'Andre Miller and loses puck.
7:25 of 3rd period - Off-side.
7:26 of 3rd period - Jordan Staal wins face-off versus Robby Fabbri in neutral zone.
9:33 of 3rd period - Shot by Ryan McDonagh.
9:33 of 3rd period - Stopped by Sergei Bobrovsky without a rebound.
9:34 of 3rd period - Jordan Staal wins face-off versus Arthur Kaliyev in Fletushkas zone.
9:51 of 3rd period - Shot by Jordan Staal.
9:51 of 3rd period - Stopped by Carter Hart without a rebound.
9:52 of 3rd period - Harry Polsmokr wins face-off versus Robby Fabbri in Aces zone.
9:52 of 3rd period - Harry Polsmokr is hit by Nick Leddy.
10:04 of 3rd period - Joel Farabee is hit by Robby Fabbri and loses puck.
10:10 of 3rd period - Minor Penalty to Brett Pesce for Tripping.
10:11 of 3rd period - Jordan Staal wins face-off versus Jordan Kyrou in Fletushkas zone.
10:26 of 3rd period - Shot by Clayton Keller.
10:26 of 3rd period - Deflect By Jack Hughes.
10:26 of 3rd period - Stopped by Sergei Bobrovsky without a rebound.
10:27 of 3rd period - Jordan Kyrou wins face-off versus Tyler Bertuzzi in Fletushkas zone.
10:38 of 3rd period - Shot by Jack Hughes.
10:38 of 3rd period - Stopped by Sergei Bobrovsky without a rebound.
10:39 of 3rd period - Jordan Staal wins face-off versus Carter Verhaeghe in Fletushkas zone.
10:39 of 3rd period - Jordan Staal is hit by Charlie Coyle.
11:08 of 3rd period - Shot by Clayton Keller.
11:08 of 3rd period - Stopped by Sergei Bobrovsky without a rebound.
11:09 of 3rd period - Jordan Kyrou wins face-off versus Valeri Nichushkin in Fletushkas zone.
11:40 of 3rd period - Nick Leddy is hit by Noel Acciari and loses puck.
12:19 of 3rd period - Shot by Thomas Chabot.
12:19 of 3rd period - Shot Misses the Net.
13:02 of 3rd period - Minor Penalty to Patrick Kane for Goalie Interference.
13:03 of 3rd period - Carter Verhaeghe wins face-off versus Valeri Nichushkin in Fletushkas zone.
13:32 of 3rd period - Shot by Charlie Coyle.
13:32 of 3rd period - Shot Misses the Net.
13:34 of 3rd period - Shot by Erik Cernak.
13:34 of 3rd period - Shot Blocked by K'Andre Miller.
13:36 of 3rd period - Shot by Erik Cernak.
13:36 of 3rd period - Goal by Erik Cernak - Aces : 4 - Fletushkas : 1.
13:37 of 3rd period - Brock Nelson wins face-off versus Robby Fabbri in neutral zone.
13:40 of 3rd period - Nick Leddy is hit by Brock Nelson and loses puck.
14:51 of 3rd period - Shot by Jack Hughes.
14:51 of 3rd period - Shot Misses the Net.
15:10 of 3rd period - Off-side.
15:11 of 3rd period - Carter Verhaeghe wins face-off versus Jordan Staal in neutral zone.
15:45 of 3rd period - Jordan Kyrou is hit by Noel Acciari and loses puck.
16:03 of 3rd period - Icing by Nick Leddy.
16:04 of 3rd period - Robby Fabbri wins face-off versus Harry Polsmokr in Aces zone.
16:29 of 3rd period - Shot by Victor Olofsson.
16:29 of 3rd period - Shot Misses the Net.
16:31 of 3rd period - Shot by Dante Fabbro.
16:31 of 3rd period - Stopped by Sergei Bobrovsky without a rebound.
16:32 of 3rd period - Arthur Kaliyev wins face-off versus Patrick Kane in Fletushkas zone.
16:53 of 3rd period - Shot by Jack Hughes.
16:53 of 3rd period - Stopped by Sergei Bobrovsky without a rebound.
16:54 of 3rd period - Carter Verhaeghe wins face-off versus Auston Matthews in Fletushkas zone.
17:04 of 3rd period - Icing by Charlie Coyle.
17:05 of 3rd period - Carter Verhaeghe wins face-off versus Jordan Staal in Aces zone.
17:32 of 3rd period - Thomas Chabot is hit by Jordan Staal and loses puck.
17:41 of 3rd period - Shot by Thomas Chabot.
17:41 of 3rd period - Shot Blocked by Zachary Werenski.
17:43 of 3rd period - Shot by Thomas Chabot.
17:43 of 3rd period - Stopped by Sergei Bobrovsky without a rebound.
17:44 of 3rd period - Auston Matthews wins face-off versus Clayton Keller in Fletushkas zone.
17:44 of 3rd period - Auston Matthews is hit by Arthur Kaliyev.
18:05 of 3rd period - Clayton Keller is hit by K'Andre Miller and loses puck.
18:18 of 3rd period - Shot by Arthur Kaliyev.
18:18 of 3rd period - Shot Blocked by Auston Matthews.
18:24 of 3rd period - Shot by Clayton Keller.
18:24 of 3rd period - Shot Misses the Net.
18:26 of 3rd period - Shot by Jack Hughes.
18:26 of 3rd period - Shot Blocked by Adam Pelech.
18:42 of 3rd period - Shot by Victor Olofsson.
18:42 of 3rd period - Shot Misses the Net.
18:50 of 3rd period - Shot by Robby Fabbri.
18:50 of 3rd period - Stopped by Sergei Bobrovsky without a rebound.
18:51 of 3rd period - Brock Nelson wins face-off versus Carter Verhaeghe in Fletushkas zone.
19:13 of 3rd period - Shot by Valeri Nichushkin.
19:13 of 3rd period - Stopped by Carter Hart without a rebound.
19:14 of 3rd period - Jordan Staal wins face-off versus Robby Fabbri in Aces zone.
19:14 of 3rd period - Jordan Staal is hit by Dante Fabbro.
19:29 of 3rd period - Noel Acciari is hit by Dante Fabbro and loses puck.
19:51 of 3rd period - Victor Olofsson is hit by Brett Pesce and loses puck.
19:54 of 3rd period - Shot by Victor Olofsson.
19:54 of 3rd period - Shot Misses the Net.
Goals for this period are 1 for Aces vs 0 for Fletushkas.
Shots for this period are 11 for Aces vs 4 for Fletushkas.